 Dungeon Crawl Stone Soup version 0.23.2-1-ga50397a6bc (webtiles) character file.

Game seed: 17444801568580499970

169 Norn the Conjurer (level 5, 0/34 HPs)
             Began as an Octopode Wizard on May 4, 2019.
             Slain by an orc priest
             ... wielding a +0 war axe
              (7 damage)
             ... on level 3 of the Dungeon.
             The game lasted 00:07:02 (3008 turns).

Norn the Conjurer (Octopode Wizard)                 Turns: 3008, Time: 00:07:02

Health: 0/34       AC:  1    Str:  7    XL:     5   Next: 50%
Magic:  0/9        EV: 13    Int: 21    God:
Gold:   78         SH:  0    Dex: 10    Spells: 7/10 levels left

rFire    . . .     SeeInvis .   (no weapon)
rCold    . . .     Gourm    .   (no shield)
rNeg     . . .     Faith    .   a - +0 hat
rPois    .         Spirit   .   (no amulet)
rElec    .         Reflect  .   (no ring)
rCorr    .         Harm     .   (no ring)
MR       .....                  (no ring)
Stlth    +++.......             (no ring)
HPRegen  0.11/turn              (no ring)
MPRegen  0.11/turn              (no ring)
                                (no ring)
                                (no ring)

@: no status effects
A: almost no armour, stealthy swim, amphibious, 8 rings, constrict 8, camouflage
1, gelatinous body 1
a: no special abilities


You were on level 3 of the Dungeon.
You were not hungry.

You visited 1 branch of the dungeon, and saw 3 of its levels.

You collected 78 gold pieces.

Inventory:

Hand Weapons
 m - a +0 vampiric trident {!w}
   (You found it on level 2 of the Dungeon)
Armour
 a - a +0 hat (worn)
 d - a +0 shield
   (You found it on level 1 of the Dungeon)
Jewellery
 b - an uncursed ring of positive energy {unknown}
   (You found it on level 1 of the Dungeon)
Scrolls
 f - a scroll of remove curse {unknown}
 g - 5 scrolls of identify {unknown}
 h - 3 scrolls of teleportation {unknown}
 j - a scroll of enchant weapon {unknown}
 k - a scroll of fear {unknown}
Potions
 c - a potion of lignification {unknown}
 i - a potion of berserk rage {unknown}
 n - a potion of curing {unknown}
Comestibles
 e - a ration {!d}
 l - 4 chunks of flesh


   Skills:
 + Level 2.2 Fighting
 - Level 2.0 Dodging
 - Level 2.6 Stealth
 + Level 2.2 Shields
 - Level 3.0 Spellcasting
 * Level 3.7 Conjurations
 - Level 1.0 Summonings
   Level 1.0 Translocations


You had 7 spell levels left.
You knew the following spells:

 Your Spells              Type           Power        Failure   Level  Hunger
a - Magic Dart            Conj           ###.         3%          1    None
x - Call Imp              Summ           #.......     13%         2    ##.....

Your spell library contained the following spells:

 Spells                   Type           Power        Failure   Level  Hunger
 Blink                    Tloc           N/A          13%         2    ##.....
 Conjure Flame            Conj/Fire      ##......     19%         3    ###....
 Slow                     Hex            #.......     21%         2    ##.....
 Mephitic Cloud           Conj/Pois/Air  #.......     24%         3    ###....


Dungeon Overview and Level Annotations

Branches:
Dungeon (3/15)

Altars:
Ashenzari
Uskayaw


Innate Abilities, Weirdness & Mutations

You cannot wear most types of armour.
You are very stealthy in the water. (Stealth+)
You are amphibious.
You can wear up to eight rings at the same time.
You can use your tentacles to constrict eight enemies at once.
Your skin changes colour to match your surroundings (Stealth+).
Your rubbery body absorbs attacks. (AC +1, EV +1)


Message History

Orders for allies: a - Attack new target. r - Retreat! s - Stop attacking. g - Guard the area. f - Follow me.
Anything else - Cancel.
Gang up on whom?
Aim: an orc priest, wielding a +0 war axe and wearing a +0 scale mail (moderately wounded) Attack!
Your white imp hits the orc priest but does no damage.
The hobgoblin barely misses your shadow imp.
Something hits your white imp.
Your shadow imp hits the orc priest but does no damage.
The orc priest hits your white imp with a +0 war axe.
Your white imp dies!
The orc priest closely misses your shadow imp.
You hear a shout!
An orc comes into view.
The hobgoblin misses your shadow imp.
Your shadow imp barely misses the orc priest.
Aim: an orc priest, wielding a +0 war axe and wearing a +0 scale mail (moderately wounded)
The magic dart hits the orc priest but does no damage.
Your shadow imp hits the orc priest but does no damage.
An orc comes into view. It is wielding a +0 trident.
Aim: an orc priest, wielding a +0 war axe and wearing a +0 scale mail (moderately wounded)
The magic dart hits the orc priest but does no damage.
The hobgoblin hits your shadow imp but does no damage.
The orc misses your shadow imp.
Your shadow imp hits the orc.
The orc priest hits you with a +0 war axe.
Aim: an orc priest, wielding a +0 war axe and wearing a +0 scale mail (moderately wounded)
The magic dart hits the orc priest but does no damage.
The orc barely misses your shadow imp.
The orc hits your shadow imp with a +0 trident.
Your shadow imp dies!
The orc shouts!
Aim: an orc priest, wielding a +0 war axe and wearing a +0 scale mail (moderately wounded)
The magic dart hits the orc priest.
The orc priest hits you with a +0 war axe!
The orc misses you.
You tentacle-slap the orc priest but do no damage.
Your grab misses the orc priest.
The orc priest hits you with a +0 war axe!
* * * LOW HITPOINT WARNING * * *
Aim: an orc priest, wielding a +0 war axe and wearing a +0 scale mail (severely wounded)
The magic dart hits the orc priest but does no damage.
The orc barely misses you. The orc priest barely misses you.
Aim: an orc priest, wielding a +0 war axe and wearing a +0 scale mail (severely wounded)
The magic dart hits the orc priest but does no damage.
The orc hits you from afar with a +0 trident.
* * * LOW HITPOINT WARNING * * *
The orc priest hits you with a +0 war axe!
You die...

##### . ##...# .. #....#
g.. #....##### o...
#........# .....
##........#o.....
#.......@oog†....
########.##..†...#######
##...............########.#
#...#>...............†.....
###############............
##+#.#####.## #####....#
#.#...#....# #......[..#


You could see an orc priest, 2 orcs and a hobgoblin.

Vanquished Creatures
  3 gnolls (D:2)
  A worm (D:2)
  2 dart slugs
  2 leopard geckos
  An orc (D:3)
  A ball python (D:2)
  3 giant cockroaches
  7 hobgoblins
  6 kobolds
  A quokka (D:2)
  6 bats
  A frilled lizard (D:1)
  5 goblins
  9 rats
48 creatures vanquished.

Vanquished Creatures (collateral kills)
  An ogre (D:2)
  An orc priest (D:3)
  A worm (D:2)
  An orc (D:3)
  A giant cockroach (D:3)
  A goblin (D:2)
  A kobold (D:2)
  2 rats (D:2)
9 creatures vanquished.

Grand Total: 57 creatures vanquished

Notes
Turn   | Place    | Note
-------+----------+-------------------------------------------
     0 | D:1      | Norn the Octopode Wizard began the quest for the Orb.
     0 | D:1      | Reached XP level 1. HP: 11/11 MP: 4/4
   220 | D:1      | Reached XP level 2. HP: 18/18 MP: 0/6
   760 | D:1      | Reached skill level 1 in Fighting
   890 | D:1      | Reached skill level 1 in Shields
   890 | D:1      | Reached XP level 3. HP: 23/23 MP: 2/7
  1377 | D:2      | Reached XP level 4. HP: 24/28 MP: 0/8
  1491 | D:2      | Noticed an ogre
  1500 | D:2      | Learned a level 2 spell: Call Imp
  1512 | D:2      | Killed an ogre
  1512 | D:2      | Reached XP level 5. HP: 5/34 MP: 1/9
  1944 | D:2      | Found a shattered altar of Ashenzari.
  2471 | D:2      | Found a hide-covered altar of Uskayaw.
  3008 | D:3      | Slain by an orc priest

Skill      XL: |  1  2  3  4  5 |
---------------+----------------+-----
Conjurations   | 2 3 |  3.7
Fighting       | 1 2 |  2.2
Shields        | 1 2 |  2.2
Dodging        | |  2.0
Stealth        | |  2.6
Spellcasting   | |  3.0
Summonings     | |  1.0
Translocations | |  1.0

Action                   |  1- 3 |  4- 6 || total
-------------------------+-------+-------++-------
Melee: Unarmed           |    11 |     2 ||    13
       Constrict         |     3 |       ||     3
       Tentacles         |     3 |       ||     3
 Cast: Magic Dart        |    69 |    79 ||   148
       Call Imp          |       |     9 ||     9
 Stab: Distracted        |       |     1 ||     1
  Eat: Chunk             |       |     3 ||     3
       Ration            |       |     1 ||     1
Armor: Skin              |     4 |     1 ||     5
Dodge: Dodged            |    11 |     6 ||    17
